 Dungeon Crawl Stone Soup version 0.27.1-34-g3ba077fa99 (webtiles) character file.

Game seed: 10357782932524978124

298 Ijustatesigmund the Skirmisher (level 6, -15/40 HPs)
             Began as a Gargoyle Fighter on Feb 3, 2022.
             Killed from afar by Ijyb (23 damage)
             ... with a bolt of acid
             ... on level 4 of the Dungeon.
             The game lasted 00:04:34 (4043 turns).

Ijustatesigmund the Skirmisher (Gargoyle Fighter)   Turns: 4043, Time: 00:04:35

Health: -15/40     AC: 13    Str: 20    XL:     6   Next: 36%
Magic:  6/6        EV:  7    Int: 16    God:
Gold:   97         SH:  9    Dex:  9    Spells: 5/5 levels left

rFire    . . .     SeeInvis .   a - +0 flail
rCold    . . .     Faith    .   c - +0 kite shield
rNeg     + . .     Spirit   .   b - +0 scale mail
rPois    ∞         Reflect  .   l - +0 helmet
rElec    +         Harm     .   (no cloak)
rCorr    .         Rampage  .   (no gloves)
Will     .....                  h - +0 pair of boots
Stlth    ..........             (no amulet)
HPRegen  0.13/turn              j - +6 ring of intelligence
MPRegen  0.10/turn              (no ring)

@: mighty
A: sickness immunity, AC +4, negative energy resistance 1, electricity
resistance, torment resistance 1, petrification resistance
a: no special abilities


You were on level 4 of the Dungeon.
You visited 1 branch of the dungeon, and saw 4 of its levels.

You collected 97 gold pieces.

Inventory:

Hand Weapons
 a - a +0 flail (weapon)
Armour
 b - a +0 scale mail (worn)
 c - a +0 kite shield (worn)
 h - a +0 pair of boots (worn)
 l - a +0 helmet (worn)
Jewellery
 j - a +6 ring of intelligence (left hand)
Scrolls
 f - 2 scrolls of immolation
 i - 3 scrolls of teleportation
 k - a scroll of magic mapping
Potions
 g - 4 potions of curing


   Skills:
 + Level 5.1 Fighting
 + Level 5.1 Maces & Flails
 + Level 3.9 Armour
 - Level 3.2 Shields


You had 5 spell levels left.
You didn't know any spells.
Your spell library contained the following spells:

 Spells                   Type           Power      Damage    Failure   Level
 Alistair's Intoxication  Tmut/Pois      0%         N/A       100%        5
 Borgnjor's Vile Clutch   Necr/Erth      0%         N/A       100%        5
 Eringya's Noxious Bog    Tmut/Pois      0%         N/A       100%        6


Dungeon Overview and Level Annotations

Branches:
Dungeon (4/15)
 Temple: D:4-7

Altars:

Annotations:
D:4 Ijyb


Innate Abilities, Weirdness & Mutations

You are immune to sickness and miasma.
Your stone body is resilient. (AC +4)
You are immune to poison.
You resist negative energy. (rN+)
You are resistant to electric shocks. (rElec)
You are resistant to unholy torment.
You are immune to petrification.


Message History

The iguana bites you but does no damage.
You sock the iguana!
You kill the iguana!
Found a falchion.
Found 16 gold pieces.
You now have 97 gold pieces (gained 16).
Found 2 gold pieces.
Ijyb the Twisted Goblin comes into view.
She is wielding a +0 club and carrying a wand of acid (5).
Ijyb shouts!
Throw: 2 throwing nets
Press: ? - help, Q - select action Shift-Dir - straight line, f - Ijyb
Aim: Ijyb, wielding a +0 club, wearing a +0 ring mail and carrying a wand of acid (5) (52% to hit)
You throw a throwing net. The throwing net barely misses Ijyb.
Unknown command.
Found 5 gold pieces.
Throw: throwing net
Press: ? - help, Q - select action Shift-Dir - straight line, f/p - Ijyb
Aim: Ijyb, wielding a +0 club, wearing a +0 ring mail and carrying a wand of acid (5) (52% to hit)
You throw a throwing net. The throwing net closely misses Ijyb.
You block Ijyb's attack.
You closely miss Ijyb.
Ijyb zaps a wand.
The bolt of acid hits you!
You are splashed with acid!
Ijyb hits you but does no damage.
You are too injured to fight recklessly!
You are too injured to fight recklessly!
You are too injured to fight recklessly!
You are too injured to fight recklessly!
You are too injured to fight recklessly!
You are too injured to fight recklessly!
You feel very mighty all of a sudden. Ijyb hits you with a +0 club.
You barely miss Ijyb. You block Ijyb's attack.
You barely miss Ijyb. You block Ijyb's attack.
You closely miss Ijyb.
Ijyb zaps a wand.
The bolt of acid hits you but does no damage.
You are splashed with acid!
* * * LOW HITPOINT WARNING * * *
Ijyb hits you but does no damage.
You barely miss Ijyb.
Ijyb zaps a wand.
The bolt of acid hits you!!
Ouch! That really hurt!
You die...

##...## ##.....#
.$ .......# ###.
##.....# #...
##...##########..
##..........##.#
#.......##.##.#
#..####......$##
#..# #..###.@g#
#..# #..#
#...(.(.#
####..####..#
#...#####
...........).
...##
.#.#........#.##.#
###.........#. #.#
# #.......... ...
###........## ###
.#...........


You could see Ijyb.

Vanquished Creatures
  2 orc priests (D:4)
  Jessica (D:3)
  2 iguanas (D:4)
  3 gnolls (D:2)
  A howler monkey skeleton (D:3)
  4 adders
  2 worms
  A dart slug (D:1)
  2 orcs
  10 ball pythons
  8 endoplasms
  4 giant cockroaches
  9 goblins
  4 hobgoblins
  7 jackals
  5 kobolds
  3 quokkas (D:2)
  6 bats
  2 frilled lizards
  6 rats
82 creatures vanquished.

Notes
Turn   | Place    | Note
-------+----------+-------------------------------------------
     0 | D:1      | Ijustatesigmund the Gargoyle Fighter began the quest for
                  | the Orb.
     0 | D:1      | Reached XP level 1. HP: 14/14 MP: 1/1
   145 | D:1      | Reached XP level 2. HP: 19/19 MP: 2/2
   784 | D:1      | Reached XP level 3. HP: 24/24 MP: 3/3
  1513 | D:2      | Reached XP level 4. HP: 29/29 MP: 4/4
  1562 | D:2      | Found a faded altar of an unknown god.
  2044 | D:2      | Reached XP level 5. HP: 7/34 MP: 5/5
  2978 | D:3      | Noticed Jessica
  2987 | D:3      | Killed Jessica
  3487 | D:4      | Reached XP level 6. HP: 4/40 MP: 6/6
  3824 | D:4      | Reached skill level 5 in Fighting
  3824 | D:4      | Reached skill level 5 in Maces & Flails
  4033 | D:4      | Noticed Ijyb
  4043 | D:4      | Killed from afar by Ijyb

Illustrated notes

Levels and vault maps discovered:
D:1:      lightli_arrival_quake, layout_basic
D:2:      minmay_angry_zag, layout_rooms, basic_ecumenical_altar,
          minmay_misc_feat_four_crosses, amethyst_killhole,
          chequers_mini_garden, grunt_ministairs_15
D:3:      layout_rooms, uniq_jessica
D:4:      layout_loops_ring, minmay_temple_entry_large_hall, uniq_ijyb

Skill      XL: |  1  2  3  4  5  6 |
---------------+-------------------+-----
Maces & Flails | 3 4 5 |  5.1
Fighting       | 4 5 |  5.1
Armour         | |  3.9
Shields        | |  3.2

Action                   |  1- 3 |  4- 6 || total
-------------------------+-------+-------++-------
Melee: Flail             |   124 |   181 ||   305
Throw: Throwing net      |       |     3 ||     3
  Use: Scroll            |     4 |     4 ||     8
       Potion            |       |     2 ||     2
Armor: Scale mail        |    73 |    92 ||   165
Dodge: Dodged            |    49 |    42 ||    91
Block: Kite shield       |    67 |    95 ||   162
